Map: Triton LE

Players

Bunny

  • Race: Terran Terran
  • Spawn Location: 5:00

Nice - Winner!

  • Race: Protoss Protoss
  • Spawn Location: 11:00

Event: IEM Katowice 2020

VOD

Have the link to the VOD?

Description

Time

  • Played on: Feb. 25, 2020, 8:37 a.m.
  • Length: 9:17

All games in this series

Show
View Real Time Build Order
Export as new Build Order

Bunny Terran 

Build Orders: Liberator Opening, Reaper Expand 

Get SALT Encoding   

  12  0:00  SCV  
  13  0:13  SCV  
  14  0:16  Supply Depot  
  14  0:25  SCV  
  15  0:38  SCV  
  15  0:39  Barracks  
  16  0:43  Refinery  
  16  0:50  SCV  
  17  1:02  SCV  
  18  1:14  SCV  
  19  1:26  Orbital Command  
  19  1:27  Reaper  
  20  1:42  Command Center  
  20  1:51  Supply Depot  
  20  1:52  SCV  
  21  1:59  Marine  
  22  2:04  SCV  
  22  2:08  Factory  
  23  2:14  Refinery  
  23  2:16  SCV  
  23  2:21  Bunker  
  24  2:25  Barracks Reactor  
  24  2:29  SCV  
  25  2:41  SCV  
  26  2:52  Starport  
  26  2:53  SCV, Hellion  
  26  2:56  Orbital Command  
  29  3:02  Orbital Command, Marine x2  
  31  3:05  SCV  
  32  3:15  Factory Tech Lab  
  32  3:18  SCV  
  33  3:20  Marine x2  
  35  3:28  SCV  
  35  3:29  Liberator  
  35  3:30  SCV  
  40  3:37  Supply Depot  
  40  3:41  SCV  
  41  3:42  SCV  
  41  3:47  Marine x2  
  43  3:53  SCV, Supply Depot  
  43  3:54  SCV  
  43  4:01  Factory Tech Lab  
  43  4:03  Command Center  
  43  4:05  SCV  
  43  4:06  SCV  
  45  4:10  Marine x2  
  47  4:17  SCV  
  47  4:18  SCV  
  47  4:19  Raven  
  51  4:26  Siege Tank  
  51  4:29  SCV  
  51  4:30  SCV  
  51  4:31  Supply Depot, Marine x2  
  58  4:40  Barracks x2  
  58  4:41  SCV  
  58  4:42  SCV  
  60  4:49  Refinery x2  
  60  4:53  SCV  
  60  4:55  SCV  
  60  4:57  Engineering Bay  
  62  5:04  Marine x2  
  62  5:06  SCV  
  62  5:07  SCV  
  66  5:09  Supply Depot  
  66  5:10  Engineering Bay  
  66  5:13  Starport Reactor  
  66  5:16  Orbital Command  
  66  5:18  SCV  
  66  5:19  SCV  
  67  5:22  Marine x2  
  67  5:23  Factory Reactor  
  69  5:30  SCV  
  69  5:31  SCV  
  69  5:33  Stimpack  
  69  5:34  Marine  
  72  5:37  Supply Depot  
  72  5:38  Terran Infantry Weapons Level 1, Terran Infantry Armor Level 1  
  72  5:39  Marine  
  72  5:40  Marine  
  72  5:41  Marauder  
  72  5:42  Combat Shield  
  76  5:45  Orbital Command  
  76  5:47  SCV  
  76  5:48  SCV  
  78  5:50  Medivac  
  80  5:59  Medivac, Barracks  
  80  6:00  Barracks  
  80  6:02  SCV  
  80  6:03  SCV  
  84  6:06  Supply Depot  
  84  6:07  Marauder  
  84  6:09  Marauder  
  84  6:11  SCV  
  89  6:14  SCV, Marine x2  
  89  6:15  SCV  
  89  6:17  Widow Mine  
  95  6:19  Widow Mine  
  95  6:24  SCV  
  97  6:27  SCV x2, Medivac  
  97  6:28  Supply Depot  
  97  6:30  Medivac  
  103  6:35  Supply Depot, Marauder  
  103  6:38  Marauder, Marine  
  108  6:41  Marine  
  109  6:48  Supply Depot  
  109  6:50  SCV x3, Widow Mine x2  
  109  6:51  Barracks Reactor, Barracks Tech Lab  
  116  6:58  Supply Depot  
  116  6:59  Medivac  
  118  7:01  Concussive Shells  
  118  7:03  SCV x3  
  118  7:06  Marauder  
  118  7:07  Marauder  
  125  7:09  Marine x2  
  127  7:17  Marauder  
  127  7:19  Armory  
  127  7:22  Widow Mine x2  
  132  7:26  SCV x3  
  132  7:27  Marine x2  
  132  7:28  Marauder x2  
  141  7:32  Supply Depot x2  
  141  7:33  Refinery x2  
  141  7:35  Supply Depot  
  140  7:40  Marauder  
  140  7:43  Marine x2  
  125  7:45  Marine  
  125  7:46  Widow Mine x2  
  125  7:49  Marauder x2  
  125  7:50  Medivac  
  111  8:01  Marauder  
  111  8:03  Marine x4  
  107  8:08  Widow Mine x2  
  107  8:11  Marauder x2  
  107  8:12  SCV x3  
  101  8:21  Marine x3  
  104  8:30  Widow Mine  
  104  8:32  Marine x2  
  108  8:37  SCV x2  
  108  8:38  SCV  
  109  8:45  Widow Mine  
  110  8:51  Marauder, Widow Mine  
  110  8:52  Marauder x2  
  110  8:53  Marine x2  
  114  8:58  Marine x2  
Show
View Real Time Build Order
Export as new Build Order

Nice Protoss - Winner!

Build Orders: 1 Gate Expand, Blink Stalkers 

Get SALT Encoding   

  12  0:00  Probe  
  13  0:12  Probe  
  14  0:17  Pylon  
  14  0:25  Probe  
  15  0:37  Probe (Chrono Boost), Gateway  
  16  0:47  Assimilator  
  16  0:48  Probe (Chrono Boost)  
  17  0:52  Probe (Chrono Boost)  
  18  1:03  Probe  
  19  1:15  Probe  
  20  1:24  Cybernetics Core  
  20  1:33  Nexus  
  20  1:39  Pylon  
  20  1:45  Assimilator  
  20  1:47  Probe  
  21  1:57  Adept (Chrono Boost)  
  21  1:59  Probe  
  21  2:00  Warp Gate  
  24  2:11  Probe  
  25  2:21  Sentry (Chrono Boost)  
  27  2:23  Probe  
  28  2:36  Probe (Chrono Boost)  
  29  2:41  Twilight Council  
  29  2:45  Probe (Chrono Boost)  
  29  2:49  Stalker  
  33  2:53  Probe (Chrono Boost)  
  33  2:54  Probe (Chrono Boost)  
  34  2:59  Probe x2 (Chrono Boost)  
  34  3:01  Gateway  
  36  3:09  Blink (Chrono Boost)  
  36  3:11  Probe  
  36  3:12  Probe  
  38  3:20  Pylon  
  38  3:23  Probe  
  38  3:24  Probe  
  40  3:35  Probe  
  40  3:36  Probe  
  40  3:38  Robotics Facility  
  42  3:47  Probe  
  42  3:48  Probe  
  42  3:59  Probe  
  42  4:00  Probe  
  42  4:01  Stalker x2  
  48  4:08  Assimilator  
  48  4:10  Pylon  
  48  4:11  Probe  
  48  4:12  Probe  
  50  4:17  Nexus  
  50  4:24  Probe  
  51  4:25  Stalker, Observer  
  51  4:28  Probe  
  51  4:30  Pylon  
  55  4:31  Stalker  
  55  4:36  Probe  
  58  4:39  Forge  
  58  4:42  Probe  
  59  4:46  Observer  
  59  4:48  Shield Battery  
  59  4:51  Probe  
  61  4:58  Charge  
  60  5:03  Probe  
  60  5:06  Probe  
  62  5:09  Protoss Ground Weapons Level 1 (Chrono Boost)  
  62  5:10  Gateway  
  62  5:14  Gateway  
  62  5:15  Gateway, Observer  
  62  5:19  Gateway  
  60  5:24  Gateway  
  60  5:28  Gateway  
  60  5:33  Probe x3  
  63  5:37  Observer (Chrono Boost)  
  63  5:39  Sentry  
  63  5:42  Pylon  
  66  5:45  Probe x3  
  66  5:46  Stalker  
  71  5:50  Assimilator  
  71  5:55  Warp Prism (Chrono Boost)  
  71  5:57  Probe, Observer  
  71  6:03  Probe x2  
  76  6:09  Probe  
  77  6:13  Stalker x4  
  77  6:15  Probe  
  77  6:17  Probe  
  87  6:28  Zealot x3  
  87  6:32  Pylon  
  93  6:34  Pylon  
  93  6:35  Templar Archives  
  93  6:40  Pylon  
  93  6:49  Protoss Ground Weapons Level 2 (Chrono Boost)  
  93  6:52  Pylon, Sentry  
  95  6:57  Zealot x7  
  109  7:01  Pylon  
  109  7:04  Probe x2  
  111  7:17  Pylon  
  111  7:22  Zealot x7  
  125  7:24  Zealot  
  127  7:32  Pylon  
  125  7:44  Zealot x8  
  114  8:05  Zealot x7  
  114  8:06  Zealot  
  100  8:30  Zealot x4, High Templar x2  
  100  8:31  Zealot x2  
  100  8:33  Probe x3  
  119  8:37  Archon  
  119  8:45  Probe  
  112  8:51  Zealot x2  
  112  8:52  Zealot x4  
  90  9:08  Zealot x2  
  82  9:11  Zealot x2  
  82  9:12  Zealot x4  

Tags
 
Add a new tag
Caveats
  • Supply blocks, unpowered buildings, or Contaminate may cause inaccurate times.
  • Supply counts are checked every 10 seconds.